 Dungeon Crawl Stone Soup version 0.30-b1-2-g02819fbbbe (webtiles) character file.

Game seed: 11059769886673866110

89647 LLlMATKO the Severer (level 15, 0/141 HPs)
             Began as a Minotaur Berserker on Nov 13, 2023.
             Was the Champion of Trog.
             Slain by a demonspawn (2 damage)
             ... on level 2 of the Orcish Mines.
             The game lasted 00:23:25 (23718 turns).

LLlMATKO the Severer (Minotaur Berserker)          Turns: 23718, Time: 00:23:26

Health: 0/141      AC: 25    Str: 28      XL:     15   Next: 49%
Magic:  12/12      EV: 12    Int:  6 (8)  God:    Trog [******]
Gold:   2786       SH: 12    Dex: 11      Spells: 14/14 levels left

rFire   + + +        X - +5 broad axe (heavy)
rCold   + . .        g - +0 kite shield
rNeg    . . .        F - +4 plate armour {rF+}
rPois   .            z - +0 hat
rElec   .            Q - scarf {rC+ rF+}
rCorr   +            u - +0 pair of gloves
SInv    .            j - +1 pair of boots {Fly}
Will    +++..        (no amulet) Stlth
                     C - ring of Scepticism {Int+4 Slay+4}
HPRegen 0.00/turn    B - ring of Perfectionism {Drain rF+ Will++ rCorr Slay+4}
MPRegen 0.13/turn

%: no passive effects
@: on berserk cooldown, flying, inhibited regen, slowed, very slow
A: horns 2, retaliatory headbutt, low MP 1, inhibited regeneration
a: Renounce Religion, Berserk, Trog's Hand, Brothers in Arms


You were on level 2 of the Orcish Mines.
You worshipped Trog.
Trog was exalted by your worship.
You visited 3 branches of the dungeon, and saw 21 of its levels.
You also visited: Bailey and Ice Cave.

You collected 2786 gold pieces.

Inventory:

Hand Weapons
 c - a +7 antimagic broad axe
 E - the +8 spear "Qankaam" {flame, Fly rC+ Will+ Str+4}
   (You found it on level 14 of the Dungeon)

   Str:       It affects your strength (+4).
   rC:        It protects you from cold.
   Fly:       It grants you flight.
   Will:      It increases your willpower.
 R - a +1 war axe of flaming
 X - a +5 heavy broad axe (weapon)
Missiles
 k - 29 poisoned darts (quivered)
 p - 27 boomerangs
 w - 3 curare-tipped darts
 P - a throwing net
Armour
 g - a +0 kite shield (worn)
 j - a +1 pair of boots of flying (worn)
 u - a +0 pair of gloves (worn)
 z - a +0 hat (worn)
 F - a +4 plate armour of fire resistance (worn)
 Q - a scarf of resistance (worn)
Jewellery
 n - a +5 ring of evasion
 B - the ring of Perfectionism (right hand) {Drain rF+ Will++ rCorr Slay+4}
   (You found it on level 6 of the Dungeon)

   [ring of slaying]

   Slay:      It affects your accuracy & damage with ranged weapons and melee
   (+4).
   rF:        It protects you from fire.
   rCorr:     It protects you from acid and corrosion.
   Drain:     It drains your maximum health when unequipped.
   Will:      It greatly increases your willpower.
 C - the ring of Scepticism (left hand) {Int+4 Slay+4}
   (You found it on level 6 of the Dungeon)

   [ring of slaying]

   Int:       It affects your intelligence (+4).
   Slay:      It affects your accuracy & damage with ranged weapons and melee
   (+4).
 J - a ring of positive energy
 N - the ring "Xyahas Tojo" {rC+ Dex+7}
   (You found it in an ice cave)

   [ring of protection from cold]

   Dex:       It affects your dexterity (+7).
   rC:        It protects you from cold.
 S - a ring of protection from fire
Wands
 t - a wand of paralysis (19)
 y - a wand of roots (19)
 H - a wand of mindburst (14)
 L - a wand of polymorph (9)
Scrolls
 b - 4 scrolls of fog
 d - 24 scrolls of identify
 e - 9 scrolls of teleportation
 h - 3 scrolls of immolation
 s - 4 scrolls of blinking
 A - a scroll of brand weapon
 I - 2 scrolls of vulnerability
 O - 5 scrolls of fear
 V - 2 scrolls of poison
Potions
 a - 2 potions of resistance {unknown}
 f - 2 potions of mutation {unknown}
 i - 11 potions of curing
 l - 2 potions of invisibility {unknown}
 m - 3 potions of magic {unknown}
 o - 10 potions of heal wounds {unknown}
 q - 3 potions of brilliance {unknown}
 r - a potion of ambrosia {unknown}
 v - a potion of cancellation {unknown}
 x - 3 potions of attraction {unknown}
 D - 6 potions of flight
 G - 3 potions of might {unknown}
 K - a potion of berserk rage {unknown}
 M - 2 potions of degeneration {unknown}
 T - 4 potions of lignification {unknown}
 U - 2 potions of haste {unknown}


   Skills:
 + Level 15.4 Fighting
 + Level 15.5 Axes
 + Level 15.2 Armour
 + Level 14.1 Dodging
 + Level 14.9 Shields


You had 14 spell levels left.
You didn't know any spells.
Your spell library was empty.

Dungeon Overview and Level Annotations

Branches:
Dungeon (14/15)            Temple (0/1) D:7            Lair (5/5) D:10
 Shoals (0/4) Lair:3        Snake (0/4) Lair:2        Slime (0/5) Lair:5
    Orc (2/2) D:10            Elf (0/3) Orc:2        Vaults (0/5) D:14
 Bailey (visited)           IceCv (visited)

Altars:
Ashenzari
Elyvilon
Fedhas
Gozag
Hepliaklqana
Makhleb
Nemelex Xobeh
Okawaru
Trog
Uskayaw
Wu Jian
Yredelemnul
Zin
Jiyva

Shops:
D:7 *   Orc:2 *?[


Innate Abilities, Weirdness & Mutations

You have a pair of horns on your head.
You reflexively headbutt those who attack you in melee.
Your magical capacity is low. (-10% MP)
You do not regenerate when monsters are visible.


Message History

Trog appreciates your killing of a magic user.
The rust devil disappears in a puff of smoke!
You barely miss the demonspawn.
The demonspawn hits you but does no damage.
The demonspawn barely misses you. The demonspawn gores you!
The demonspawn barely misses you. The demonspawn completely misses you.
The demonspawn gores you!
* * * LOW HITPOINT WARNING * * *
You closely miss the demonspawn. You headbutt the demonspawn!
The demonspawn is heavily wounded.
The demonspawn barely misses you. You block the demonspawn's attack.
The demonspawn gores you.
* * * LOW HITPOINT WARNING * * *
The demonspawn hits you!
* * * LOW HITPOINT WARNING * * *
The demonspawn claws you but does no damage.
You block the demonspawn's attack.
You slash the demonspawn!
The demonspawn is heavily wounded.
You block the demonspawn's attack.
The demonspawn claws you but does no damage.
The demonspawn barely misses you. You block the demonspawn's attack.
The demonspawn closely misses you. You block the demonspawn's attack.
Unknown command.
You slash the demonspawn! You headbutt the demonspawn.
The demonspawn is severely wounded.
You block the demonspawn's attack. The demonspawn claws you.
* * * LOW HITPOINT WARNING * * *
The demonspawn gores you but does no damage.
The demonspawn hits you but does no damage.
The demonspawn claws you!
* * * LOW HITPOINT WARNING * * *
The demonspawn misses you.
You slice the demonspawn!! Your headbutt misses the demonspawn.
The demonspawn is almost dead.
You block the demonspawn's attack. The demonspawn claws you!
* * * LOW HITPOINT WARNING * * *
The demonspawn gores you but does no damage.
You block the demonspawn's attack. The demonspawn claws you.
You die...

### ##.......#. ##.##
##....##..## ##...##
##.....#..... ##.....##
#............
##.#...#.####...........
##..).))...###...........
##.).#.#.#...###.......... ###
##...##.))##...###......... ##.#
##.))##..#)@##...###........
#..###.).##..###)6##...###.......
..###.#.##..# ##..##.#.###......
.###...##..# #..##...###.....
..###.#.##. .##.#.###......
...###...## ##...###.......
..[[###...## ##...###........
.##).###...## ##...###..##..)[.
####..###...## ##...###..###.....


You could see a demonspawn.

Vanquished Creatures
  An azure jelly (IceCv)
  An orc warlord (Orc:2)
  3 quicksilver oozes (IceCv)
  5 dire elephants (Lair:5)
  3 hydras
  5 centaur warriors
  19 death yaks
  7 orc high priests (Orc:2)
  2 two-headed ogres
  Urug (D:13)
  An iron troll (D:14)
  Amaemon (D:8)
  A spectral anaconda (Lair:5)
  3 skeletal warriors (D:14)
  A skyshark (Lair:1)
  An obsidian statue (Lair:5)
  A lindwurm (Lair:4)
  A phantasmal warrior (D:14)
  4 necromancers (Lair:5)
  5 orc sorcerers (Orc:2)
  4 orc knights (Orc:2)
  8 ugly things
  2 manticores
  A wolf spider (Lair:4)
  2 cyclopes
  5 elephants (Lair:5)
  4 black mambas
  A dire elephant zombie (Lair:5)
  2 ice statues (IceCv)
  3 gargoyles
  2 orange demons
  10 cane toads
  An unseen horror (D:11)
  2 kobold demonologists
  An efreet (D:14)
  6 komodo dragons
  3 rime drakes
  An ice devil (Orc:2)
  2 tengu conjurers
  2 trolls (shapeshifter) (D:14)
  3 polar bears
  8 trolls
  8 blink frogs
  3 hornets
  A snapping turtle (Lair:3)
  21 slime creatures
  A shadow (D:12)
  A vampire (D:10)
  44 yaks
  A human (shapeshifter) (D:14)
  5 wraiths
  4 wyverns
  4 basilisks
  A neqoxec (Orc:2)
  7 steam dragons
  9 vampire mosquitoes
  A chaos spawn (Orc:2)
  An acid dragon (D:11)
  A warg (Orc:1)
  3 nagas (Lair:2)
  9 water moccasins
  3 ice beasts
  6 ogres
  A great orb of eyes simulacrum (IceCv)
  37 orc warriors
  A black bear (D:6)
  A hornet zombie (D:5)
  8 centaurs
  18 wolves
  3 slime creature simulacra (IceCv)
  A kobold brigand (D:9)
  7 bullfrogs
  2 gnoll sergeants
  3 glowing shapeshifter simulacra (IceCv)
  A cane toad simulacrum (Lair:5)
  4 necrophages (D:5)
  2 scorpions
  6 killer bees (D:7)
  3 elephant simulacra
  5 howler monkeys
  4 hounds
  2 jellies
  A gnoll bouda (D:5)
  34 orc priests
  2 sleepcaps
  26 orc wizards
  4 iguanas
  Ijyb (D:3)
  7 hell rats (Lair:4)
  3 spriggan simulacra (Orc:2)
  3 shapeshifter simulacra (IceCv)
  A wolf simulacrum (Orc:2)
  A hound zombie (D:5)
  19 gnolls
  15 adders
  3 naga simulacra (Orc:2)
  3 shadow imps
  An adder zombie (D:5)
  4 dart slugs
  84 orcs
  6 ball pythons
  8 bats
  7 endoplasms
  3 giant cockroaches
  14 goblins
  10 hobgoblins
  18 kobolds
  2 frilled lizards
  4 rats
  A bush (D:5)
  A butterfly (Lair:3)
668 creatures vanquished.

Vanquished Creatures (others)
  A wraith (D:9)
  2 bushes
  33 fungi
  157 plants
  25 withered plants (Lair:5)
218 creatures vanquished.

Grand Total: 886 creatures vanquished

Notes
Turn   | Place    | Note
-------+----------+-------------------------------------------
     0 | D:1      | LLlMATKO the Minotaur Berserker began the quest for the
                  | Orb.
     0 | D:1      | Reached XP level 1. HP: 19/19 MP: 0/0
   324 | D:1      | Reached XP level 2. HP: 27/27 MP: 1/1
   399 | D:1      | Found a faded altar of an unknown god.
   886 | D:2      | Reached XP level 3. HP: 33/33 MP: 2/2
  1022 | D:2      | Reached skill level 1 in Shields
  1023 | D:2      | Reached ** piety under Trog
  1024 | D:2      | Reached XP level 4. HP: 15/40 MP: 3/3
  1183 | D:2      | Found a burning altar of Makhleb.
  1519 | D:3      | Noticed Ijyb
  1520 | D:3      | Paralysed by Ijyb for 3 turns
  1534 | D:3      | Paralysed by Ijyb for 5 turns
  1540 | D:3      | Killed Ijyb
  1880 | D:3      | Reached XP level 5. HP: 47/47 MP: 4/4
  2375 | D:3      | Found an opulent altar of Gozag.
  2574 | D:4      | Found an ornate altar of the Wu Jian Council.
  2579 | D:4      | Found a white marble altar of Elyvilon.
  2585 | D:4      | Found a basalt altar of Yredelemnul.
  2588 | D:4      | Found a broken altar of Ashenzari.
  2590 | D:4      | Found a sparkling altar of Nemelex Xobeh.
  2597 | D:4      | Found a bloodstained altar of Trog.
  2738 | D:4      | Noticed an ogre
  2747 | D:4      | Killed an ogre
  2748 | D:4      | Reached XP level 6. HP: 55/55 MP: 5/5
  3016 | D:5      | Entered Level 5 of the Dungeon
  3027 | D:5      | Reached skill level 5 in Fighting
  3056 | D:5      | Reached skill level 5 in Axes
  3263 | D:5      | Noticed an ice beast
  3269 | D:5      | Killed an ice beast
  3275 | D:5      | Reached XP level 7. HP: 61/61 MP: 6/6
  3555 | D:5      | Found a blossoming altar of Fedhas.
  3825 | D:5      | Reached skill level 5 in Armour
  3850 | D:5      | Reached skill level 5 in Dodging
  3853 | D:5      | Reached XP level 8. HP: 67/70 MP: 7/7
  3924 | D:6      | Reached *** piety under Trog
  4013 | D:6      | Reached skill level 5 in Shields
  4028 | D:6      | Identified the ring of Perfectionism {Drain rF+ Will++
                  | rCorr Slay+4}
  4107 | D:6      | Identified the ring of Scepticism {Int+4 Slay+4}
  4161 | D:6      | Found a hazy altar of Hepliaklqana.
  4635 | D:7      | Reached XP level 9. HP: 77/79 MP: 8/8
  4817 | D:7      | Found a staircase to the Ecumenical Temple.
  5222 | D:7      | Found a flagged portal.
  5227 | Bailey   | Entered a bailey
  5419 | Bailey   | Reached **** piety under Trog
  5925 | D:7      | Paralysed by a hornet for 3 turns
  6153 | D:7      | Found Roem's General Store.
  6309 | D:8      | Reached XP level 10. HP: 68/90 MP: 9/9
  6688 | D:8      | Noticed a manticore
  6693 | D:8      | Killed a manticore
  6858 | D:8      | Noticed Amaemon
  6858 | D:8      | Noticed an orange demon
  6864 | D:8      | Killed Amaemon
  6869 | D:8      | Killed an orange demon
  7343 | D:9      | Reached ***** piety under Trog
  7424 | D:9      | Reached XP level 11. HP: 96/99 MP: 10/10
  7455 | D:9      | Reached skill level 10 in Fighting
  7455 | D:9      | Reached skill level 10 in Axes
  7794 | D:9      | Identified the +11 battleaxe of the Secret Demons {heavy,
                  | Drain Dex+4} (Trog gifted it to you on level 9 of the
                  | Dungeon)
  7794 | D:9      | Received a gift from Trog
  8068 | D:10     | Entered Level 10 of the Dungeon
  8265 | D:10     | Found a hide-covered altar of Uskayaw.
  8400 | D:10     | Reached skill level 10 in Armour
  8499 | D:10     | Found an iron altar of Okawaru.
  8504 | D:10     | Found a burning altar of Makhleb.
  8757 | D:10     | Found a staircase to the Orcish Mines.
  8851 | D:10     | Found a staircase to the Lair.
  8986 | D:10     | Found a glowing silver altar of Zin.
  8986 | D:10     | Noticed an angel
  8987 | D:10     | Noticed an Executioner
  9332 | D:11     | Reached skill level 10 in Shields
  9712 | D:11     | Noticed a two-headed ogre
  9717 | D:11     | Killed a two-headed ogre
  9803 | Lair:1   | Entered Level 1 of the Lair of Beasts
  9839 | Lair:1   | Identified the +5 long sword "Dauhenut" {freeze, *Slow
                  | Int+4 SInv}
 10053 | Lair:1   | Identified the +8 flail of Theory {freeze, rPois rC- Dex+6}
 10146 | Lair:1   | Noticed a skyshark
 10155 | Lair:1   | Killed a skyshark
 10156 | Lair:1   | Reached skill level 10 in Dodging
 10550 | Lair:2   | Reached XP level 12. HP: 110/110 MP: 11/11
 11046 | Lair:2   | Found a staircase to the Snake Pit.
 11522 | Lair:3   | Found a staircase to the Shoals.
 12356 | Lair:4   | Noticed a seven-headed hydra
 12364 | Lair:4   | Killed a four-headed hydra
 12669 | Lair:4   | Noticed a death yak
 12669 | Lair:4   | Noticed a death yak
 12670 | Lair:4   | Noticed a death yak
 12670 | Lair:4   | Noticed a death yak
 12670 | Lair:4   | Noticed a death yak
 12676 | Lair:4   | Killed a death yak
 12678 | Lair:4   | Killed a death yak
 12682 | Lair:4   | Killed a death yak
 12686 | Lair:4   | Killed a death yak
 12688 | Lair:4   | Killed a death yak
 12818 | Lair:4   | Reached XP level 13. HP: 112/119 MP: 12/12
 13058 | Lair:4   | Received a gift from Trog
 15383 | Lair:5   | Entered Level 5 of the Lair of Beasts
 15634 | Lair:5   | Found a staircase to the Slime Pits.
 15639 | Lair:5   | Found a viscous altar of Jiyva.
 16008 | Lair:5   | Noticed a dire elephant
 16008 | Lair:5   | Noticed a dire elephant
 16008 | Lair:5   | Noticed a dire elephant
 16217 | Lair:5   | Received a gift from Trog
 16343 | Lair:5   | Noticed a dire elephant
 16354 | Lair:5   | Killed a dire elephant
 16426 | Lair:5   | Noticed a dire elephant
 16431 | Lair:5   | Killed a dire elephant
 16567 | Lair:5   | Killed a dire elephant
 16569 | Lair:5   | Killed a dire elephant
 16570 | Lair:5   | Killed a dire elephant
 16683 | Lair:5   | Reached XP level 14. HP: 130/130 MP: 13/13
 17029 | Lair:5   | Identified the +10 flail of Cadeunez {drain, *Noise rF+++
                  | rN+ Dex+4}
 17522 | D:12     | Identified the +9 spear of the Present {flame, rC+}
 17627 | D:12     | Found an iron altar of Okawaru.
 18578 | D:13     | Noticed Urug
 18589 | D:13     | Killed Urug
 18880 | D:13     | Received a gift from Trog
 19206 | D:14     | Found a gate to the Vaults.
 20026 | D:14     | Identified the +8 spear "Qankaam" {flame, Fly rC+ Will+
                  | Str+4}
 20879 | Orc:1    | Entered Level 1 of the Orcish Mines
 21209 | Orc:2    | Entered Level 2 of the Orcish Mines
 21287 | Orc:2    | Found Fovatz's Armour Emporium.
 21434 | Orc:2    | Found a staircase to the Elven Halls.
 21439 | Orc:2    | Found a frozen archway.
 21454 | IceCv    | Entered an ice cave
 21530 | IceCv    | Reached XP level 15. HP: 139/139 MP: 14/14
 21589 | IceCv    | Reached skill level 15 in Axes
 21845 | IceCv    | Reached skill level 15 in Fighting
 21850 | IceCv    | Found a viscous altar of Jiyva.
 21850 | IceCv    | Noticed an azure jelly
 21858 | IceCv    | Killed an azure jelly
 21858 | IceCv    | HP: 6/211 [quicksilver ooze (8)]
 22188 | IceCv    | Identified the +0 robe "Cuapowic" {rN+}
 22192 | IceCv    | Got the ring "Xyahas Tojo" {rC+ Dex+7}
 22905 | Orc:1    | Reached ****** piety under Trog
 23017 | Orc:1    | Received a gift from Trog
 23341 | Orc:2    | Found Coapnol's Magic Scroll Emporium.
 23348 | Orc:2    | Reached skill level 15 in Armour
 23351 | Orc:2    | Found Pudghysh's General Store.
 23490 | Orc:2    | Gained mutation: You do not regenerate when monsters are
                  | visible. [a neqoxec]
 23712 | Orc:2    | Gained mutation: Your magical capacity is low. (-10% MP) [a
                  | neqoxec]
 23718 | Orc:2    | HP: 2/141 [demonspawn (10)]
 23718 | Orc:2    | Slain by a demonspawn

Illustrated notes

Levels and vault maps discovered:
D:1:      roderic_octagonal_star, layout_basic,
          hellmonk_ecumenical_altar_pennies_from_heaven, minmay_misc_feat_rows,
          serial_bayou_pond_c, roderic_serpentine_path
D:2:      layout_rooms, basic_altar
D:3:      layout_basic, lemuel_round_altar, uniq_ijyb
D:4:      layout_basic, nicolae_overflow_hallway_of_the_gods
D:5:      layout_rooms, fedhas_altar_decomposition
D:6:      layout_gridville, lemuel_tele_altar, serial_park_tiny_pond,
          minmay_checkerbox
D:7:      layout_basic, temple_pool_b, serial_shops,
          nicolae_shop_advertising_works [nicolae_subvault_shop_adworks],
          enter_bailey_3, st_stairs_7
D:8:      layout_basic, wad_mini_maze, uniq_amaemon
D:9:      kennysheep_ambush_hall, layout_irregular_city
D:10:     layout_roguey, overflow_temple_1_default,
          eat_drink_and_be_merry_uskayaw,
          grunt_temple_overflow_order_and_chaos_2, david_lair_shrubbed,
          hiddenorc1_lemuel, serial_corexii_hall, corexii_hall_statues_deadend,
          corexii_hall_statues_t, corexii_checkpoint_b
D:11:     layout_roguey
D:12:     layout_loops_ring, okawaru_gym_becter
D:13:     layout_irregular_city, nicolae_elevator_lobby_asterisk, uniq_urug
D:14:     minmay_general_purpose_star, layout_gridville, david_vaults_4,
          dreamdust_princess_corridor
Lair:1:   layout_long_grid, lemuel_fruit_tree, lemuel_fruit_fields
Lair:2:   layout_regular_city, nicolae_snake_entry_squirm, st_stairs_4,
          serial_bayou_shore_a, infiniplex_staircase_pool_2
Lair:3:   layout_small_grid, minmay_shoals_entry_hut, lemuel_fruit_fields
Lair:4:   minmay_lair_venomous_thicket, layout_layer_cave, st_stairs_6,
          grunt_megastairs_5
Lair:5:   due_jungle_book, layout_gridlike, slime_entry_1
Orc:1:    layout_caves
Orc:2:    pf_orc_diabolical, layout_diamond_mine,
          portal_ice_cave_entry_ice_simulacra, serial_shops, shop

Skill      XL: |  1  2  3  4  5  6  7  8  9 10 11 12 13 14 15 |
---------------+----------------------------------------------+-----
Fighting       | 4 5 6 7 8 9 11 12 13 14 15 | 15.4
Axes           | 4 5 6 7 8 9 11 12 13 14 15 | 15.5
Armour         | 3 4 5 6 8 9 10 12 13 14 15 | 15.2
Dodging        | 3 4 5 6 7 8 10 11 12 13 14 | 14.1
Shields        | 1 2 3 4 5 7 8 10 11 13 14 | 14.9

Action                     |  1- 3 |  4- 6 |  7- 9 | 10-12 | 13-15 || total
---------------------------+-------+-------+-------+-------+-------++-------
  Melee: Hand axe          |    78 |    36 |       |       |       ||   114
         Headbutt          |    10 |    14 |    42 |   103 |   136 ||   305
         Punch             |     1 |       |       |       |       ||     1
         War axe           |       |    44 |   208 |   414 |   313 ||   979
         Broad axe         |       |       |       |       |   267 ||   267
  Throw: Dart              |       |       |    14 |       |     9 ||    23
 Invoke: Berserk           |     2 |     3 |     3 |     3 |    15 ||    26
    Use: Scroll            |       |       |     8 |       |     5 ||    13
 Armour: Animal skin       |    28 |       |       |       |       ||    28
         Ring mail         |    14 |    10 |       |       |       ||    24
         Chain mail        |       |    12 |    23 |       |       ||    35
         Plate armour      |       |       |    56 |   178 |   283 ||   517
  Dodge: Dodged            |    47 |    39 |   105 |   125 |   240 ||   556
  Block: Kite shield       |    11 |    37 |   106 |   174 |   352 ||   680
